 Dungeon Crawl Stone Soup version 0.27.0-1-g7a089689b8 (webtiles) character file.

Game seed: 14864383465308820470

4 Spectrina the Ducker (level 1, -2/13 HPs)
             Began as a Deep Elf Monk on Aug 1, 2021.
             Slain by a kobold (4 damage)
             ... on level 1 of the Dungeon.
             The game lasted 00:01:20 (144 turns).

Spectrina the Ducker (Deep Elf Monk)                 Turns: 144, Time: 00:01:21

Health: -2/13      AC:  2    Str:  8    XL:     1   Next: 58%
Magic:  3/3        EV: 13    Int: 14    God:
Gold:   28         SH:  0    Dex: 17    Spells: 1/1 levels left

rFire    . . .     SeeInvis .   a - +0 short sword
rCold    . . .     Faith    .   (no shield)
rNeg     . . .     Spirit   .   b - +0 robe
rPois    .         Reflect  .   (no helmet)
rElec    .         Harm     .   (no cloak)
rCorr    .         Rampage  .   (no gloves)
Will     .....                  (no boots)
Stlth    ++........             (no amulet)
HPRegen  0.04/turn              (no ring)
MPRegen  0.08/turn              (no ring)

@: no status effects
A: no striking features
a: no special abilities


You were on level 1 of the Dungeon.
You visited 1 branch of the dungeon, and saw 1 of its levels.

You collected 28 gold pieces.

Inventory:

Hand Weapons
 a - a +0 short sword (weapon)
Missiles
 e - 14 sling bullets
Armour
 b - a +0 robe (worn)
Scrolls
 d - a scroll of acquirement {unknown}
Potions
 c - a potion of curing


   Skills:
 - Level 2.4 Fighting
 - Level 3.0 Short Blades
 - Level 3.6 Dodging
 + Level 3.0 Stealth
 + Level 0.5 Spellcasting


You had one spell level left.
You didn't know any spells.
Your spell library contained the following spells:

 Spells                   Type           Power      Damage    Failure   Level
 Cause Fear               Hex            0%         N/A       95%         4
 Dragon Form              Tmut           0%         N/A       100%        7
 Dragon's Call            Summ           0%         N/A       100%        9


Dungeon Overview and Level Annotations

Branches:
Dungeon (1/15)

Altars:


Message History

It was a potion of curing.
You feel better.
The quokka bites you but does no damage.
The ball python barely misses you. The ball python misses you.
You hit the quokka.
The quokka is heavily wounded.
The quokka barely misses you. The ball python closely misses you.
The ball python grabs you. The ball python constricts you.
You hit the quokka.
The quokka is almost dead.
The quokka closely misses you. The ball python closely misses you.
The ball python constricts you.
You barely miss the quokka.
The quokka is almost dead.
The quokka closely misses you.
The ball python bites you but does no damage.
The ball python constricts you.
You hit the quokka but do no damage.
The quokka is almost dead.
The quokka bites you.
The ball python bites you but does no damage.
The ball python constricts you.
You barely miss the ball python. The quokka bites you.
The ball python bites you but does no damage.
The ball python constricts you.
The quokka bites you but does no damage.
You escape the ball python's grasp.
You hit the ball python.
You kill the ball python!
Your Stealth skill increases to level 3!
You closely miss the quokka.
The quokka is almost dead.
The quokka bites you.
* * * LOW HITPOINT WARNING * * *
You hit the quokka but do no damage.
The quokka is almost dead.
The quokka misses you.
You closely miss the quokka.
The quokka is almost dead.
The quokka closely misses you. The kobold hits you with a +0 dagger.
You die...

############ #..........#
##### #..........# #...#
#..........###...# ##
####..##....##...### ##..
#
##.#...##......K.####...#
#
#†.#...##.....@r......#.##
#
#.##...##.######.#........
###.##...##.# #.#.#....#
.##.###.##..# #K....#.
....# .....### ####....#
.###....### #..#.......#
.....##... #..?.S.....#
....#####. #...##.......#
....# ##.. #.......#


You could see a quokka and a kobold.

Vanquished Creatures
  A ball python (D:1)
  2 giant cockroaches (D:1)
  A frilled lizard (D:1)
4 creatures vanquished.

Notes
Turn   | Place    | Note
-------+----------+-------------------------------------------
     0 | D:1      | Spectrina the Deep Elf Monk began the quest for the Orb.
     0 | D:1      | Reached XP level 1. HP: 13/13 MP: 3/3
   144 | D:1      | Slain by a kobold

Illustrated notes

Levels and vault maps discovered:
D:1:      eino_arrival_druids_welcome, layout_rooms,
          shapermc_ecumenical_altar_venn, minmay_crystal_room

Skill      XL: |  1 |
---------------+----+-----
Stealth        | 3 |  3.0
Fighting       | |  2.4
Short Blades   | |  3.0
Dodging        | |  3.6
Spellcasting   | |  0.5

Action                   || total
-------------------------++-------
Melee: Short sword       ||    23
  Use: Potion            ||     1
 Stab: Sleeping          ||     1
Armor: Robe              ||     9
Dodge: Dodged            ||    18
